 Dungeon Crawl Stone Soup version 0.31-a0-740-g87205ac768 (webtiles) character file.

Game seed: 16055168743088662071

6957 Joey1 the Severer (level 10, -10/93 HPs)
             Began as a Minotaur Fighter on Sept 12, 2023.
             Was a High Priest of Okawaru.
             Mangled by a sun demon (18 damage)
             ... summoned by an orc high priest
             ... in a bailey.
             The game lasted 00:18:17 (6228 turns).

Joey1 the Severer (Minotaur Fighter)                Turns: 6228, Time: 00:18:17

Health: -10/93     AC: 29    Str: 25    XL:     10   Next: 81%
Magic:  7/9        EV:  9    Int:  9    God:    Okawaru [*****.]
Gold:   572        SH:  6    Dex: 10    Spells: 9/9 levels left

rFire   . . .        R - +6 hand axe
rCold   + . .        c - +0 buckler
rNeg    + . .        I - +0 plate armour
rPois   .            y - +2 hat
rElec   .            x - +1 cloak
rCorr   .            i - +0 pair of gloves
SInv    .            u - +0 pair of boots
Will    .....        (no amulet) Stlth
                     m - ring "Yfraasic" {rC+ rN+ AC+4 Int+4}
HPRegen 0.35/turn    w - +4 ring of protection
MPRegen 0.11/turn

%: no passive effects
@: heroic
A: horns 2, retaliatory headbutt
a: Renounce Religion, Heroism, Finesse, Duel


You were in a bailey.
You worshipped Okawaru.
Okawaru was extremely pleased with you.
You visited 1 branch of the dungeon, and saw 10 of its levels.
You also visited: Sewer and Bailey.

You collected 572 gold pieces.

Inventory:

Hand Weapons
 a - a +0 war axe
 L - a +0 hand axe of flaming
 P - the +9 falchion "Gott" {freeze, rElec}
   (You found it on level 10 of the Dungeon)

   rElec:     It insulates you from electricity.
 R - a +6 hand axe (weapon)
Missiles
 e - 10 poisoned darts
 D - 2 datura-tipped darts
 N - 5 javelins
 Q - 6 boomerangs
Armour
 b - a +0 scale mail
 c - a +0 buckler (worn)
 i - a +0 pair of gloves (worn)
 u - a +0 pair of boots (worn)
 x - a +1 cloak (worn)
 y - a +2 hat (worn)
 B - a +0 scale mail
 I - a +0 plate armour (worn)
Jewellery
 m - the ring "Yfraasic" (left hand) {rC+ rN+ AC+4 Int+4}
   (You found it on level 2 of the Dungeon)

   [ring of protection]

   AC+4:      It affects your AC (+4).
   Int+4:     It affects your intelligence (+4).
   rC+:       It protects you from cold.
   rN+:       It protects you from negative energy.
 w - a +4 ring of protection (right hand)
 F - a ring of see invisible
 K - a ring of fire
Wands
 k - a wand of polymorph (25)
 J - a wand of paralysis (7)
 O - a wand of mindburst (9)
Scrolls
 f - 3 scrolls of enchant armour
 g - a scroll of fear {unknown}
 l - 4 scrolls of teleportation
 o - 2 scrolls of silence
 p - a scroll of butterflies {unknown}
 r - 2 scrolls of blinking
 t - 2 scrolls of noise
 v - a scroll of enchant weapon {unknown}
 z - a scroll of brand weapon {unknown}
 H - 3 scrolls of amnesia {unknown}
 M - a scroll of revelation {unknown}
Potions
 d - a potion of might
 h - 3 potions of degeneration
 j - 6 potions of curing
 n - 2 potions of brilliance
 q - a potion of lignification {unknown}
 s - 2 potions of attraction
 A - 2 potions of heal wounds
 C - 4 potions of enlightenment {unknown}
 E - a potion of berserk rage {unknown}
 G - a potion of resistance {unknown}


   Skills:
 - Level 10.0(15.0) Fighting
 - Level 16.0(21.0) Axes
 + Level 4.4(9.4) Armour
 + Level 3.8(8.8) Dodging
 - Level 6.0(11.0) Shields


You had 9 spell levels left.
You didn't know any spells.
Your spell library contained the following spells:

 Spells                   Type           Power      Damage    Failure   Level
 Foxfire                  Conj/Fire      0%         2x1d4     99%         1
 Sandblast                Erth           0%         2d4       99%         1
 Sting                    Tmut/Pois      0%         1d3       99%         1
 Passwall                 Tmut/Erth      0%         N/A       100%        2
 Poisonous Vapours        Pois/Air       0%         N/A       100%        2
 Stone Arrow              Conj/Erth      0%         3d7       100%        3
 Olgreb's Toxic Radiance  Pois           0%         N/A       100%        4
 Plasma Beam              Fire/Air       0%         2x1d10    100%        6
 Starburst                Conj/Fire      0%         6d3       100%        6
 Summon Ice Beast         Ice/Summ       Unusable   N/A       N/A         4
 Summon Mana Viper        Hex/Summ       Unusable   N/A       N/A         5
 Monstrous Menagerie      Summ           Unusable   N/A       N/A         7

Dungeon Overview and Level Annotations

Branches:
Dungeon (11/15)            Temple (0/1) D:6            Lair (0/5) D:10
  Sewer (visited)          Bailey (1/1)
    Orc: D:9-12

Altars:
Makhleb
Nemelex Xobeh
Okawaru
The Shining One

Shops:
D:1 :   D:4 [=:   D:6 :   D:11 :


Innate Abilities, Weirdness & Mutations

You have a pair of horns on your head.
You reflexively headbutt those who attack you in melee.


Message History

The orc warrior is severely wounded.
You block the orc warrior's attack.
The orc high priest starts to sing a prayer.
You fail to use your ability.
You block the orc warrior's attack.
You gain the combat prowess of a mighty hero.
The orc warrior hits you but does no damage.
The orc high priest starts to sing a prayer.
The orc high priest mumbles some strange prayers to Beogh.
You barely miss the orc high priest.
You hit the orc warrior but do no damage.
You hit the sun demon but do no damage. You block the orc warrior's attack.
The orc high priest hits you with a +0 broad axe!
You barely miss the orc high priest.
Your headbutt misses the orc high priest.
You hit the orc warrior. You hit the sun demon.
The sun demon hits you but does no damage.
You slice the orc high priest!!
The orc high priest is heavily wounded.
You hit the orc warrior but do no damage.
You hit the sun demon but do no damage. The sun demon hits you!
You are engulfed in flames!!
The orc warrior closely misses you. You block the orc high priest's attack.
You slash the orc high priest!
The orc high priest is heavily wounded.
You slash the sun demon! You barely miss the orc warrior.
The sun demon hits you!
* * * LOW HITPOINT WARNING * * *
You are engulfed in flames!
* * * LOW HITPOINT WARNING * * *
You feel much better. The orc warrior closely misses you.
The orc high priest calls upon Beogh to heal the orc warrior.
The orc warrior is healed somewhat.
The sun demon closely misses you.
You barely miss the orc high priest.
The orc high priest is heavily wounded.
You hit the sun demon. You barely miss the orc warrior.
You block the orc warrior's attack. You block the orc high priest's attack.
The sun demon hits you!
* * * LOW HITPOINT WARNING * * *
You are engulfed in flames!!
You die...

).⌠..# )....# .....#
''##### ...)..# ≈
....).# ~≈
###.).##############.#
#.8.8.8.))....#o...#
#.......#)....@o...#
###############3.#+#
..# ###


You could see an orc high priest, a sun demon (summoned) and an orc warrior.

Vanquished Creatures
  A two-headed ogre (D:6)
  Pikel (D:7)
  Psyche (D:11)
  Jeremiah (D:7)
  A komodo dragon (D:10)
  An unseen horror zombie (D:8)
  A hornet (D:8)
  3 yaks (D:10)
  3 wyverns
  A steam dragon (D:7)
  Duvessa (D:7)
  4 water moccasins
  7 orc warriors
  An ice beast (D:8)
  2 black bears (D:6)
  5 centaurs
  A phantom (D:6)
  3 lemures (D:7)
  A kobold brigand (D:10)
  3 bullfrogs
  4 scorpions
  2 wights (D:8)
  5 killer bees (D:11)
  Dowan (D:7)
  2 howler monkeys
  2 centaur zombies (D:8)
  3 hounds (D:6)
  2 jellies (D:6)
  2 orc priests
  Crazy Yiuf (D:3)
  6 iguanas
  3 orc wizards
  A killer bee zombie (D:8)
  4 gnolls (Bailey)
  9 adders
  A river rat (D:5)
  A shadow imp (D:7)
  2 white imps
  5 dart slugs
  18 orcs
  4 bats
  15 endoplasms
  8 giant cockroaches
  6 goblins
  16 hobgoblins
  3 jackals (D:2)
  10 kobolds
  13 quokkas
  9 ball pythons
  14 frilled lizards
  8 rats
222 creatures vanquished.

Notes
Turn   | Place    | Note
-------+----------+-------------------------------------------
     0 | D:1      | Joey1 the Minotaur Fighter began the quest for the Orb.
     0 | D:1      | Reached XP level 1. HP: 19/19 MP: 0/0
   175 | D:1      | Reached XP level 2. HP: 23/27 MP: 1/1
   244 | D:1      | Found Yngib's Book Emporium.
   319 | D:1      | Reached skill level 1 in Dodging
   569 | D:2      | Reached skill level 3 in Axes
   569 | D:2      | Reached XP level 3. HP: 33/33 MP: 2/2
   608 | D:2      | Identified the ring "Yfraasic" {rC+ rN+ AC+4 Int+4}
  1310 | D:3      | Reached XP level 4. HP: 40/40 MP: 3/3
  1369 | D:3      | Found a runed translucent door.
  1371 | D:3      | Noticed Crazy Yiuf
  1439 | D:3      | Found an iron altar of Okawaru.
  1447 | D:3      | Became a worshipper of Warmaster Okawaru
  1457 | D:3      | Found a burning altar of Makhleb.
  1509 | D:3      | Reached XP level 5. HP: 47/47 MP: 4/4
  1692 | D:3      | Killed Crazy Yiuf
  1819 | D:4      | Found Xomiem's Jewellery Shop.
  1821 | D:4      | Found Pyzytani's Armour Emporium.
  1822 | D:4      | Found Ibeelag's Book Shoppe.
  1834 | D:4      | Reached skill level 4 in Axes
  1843 | D:4      | Noticed a centaur
  1848 | D:4      | Killed a centaur
  1849 | D:4      | Reached skill level 5 in Fighting
  1849 | D:4      | Reached skill level 5 in Shields
  1862 | D:4      | Reached XP level 6. HP: 56/56 MP: 5/5
  2494 | D:5      | Entered Level 5 of the Dungeon
  2541 | D:5      | Found a glowing drain.
  2553 | D:5      | Reached skill level 5 in Axes
  2558 | Sewer    | Entered a sewer
  2900 | Sewer    | Reached * piety under Okawaru
  2906 | Sewer    | Reached skill level 6 in Axes
  2906 | Sewer    | Reached XP level 7. HP: 59/61 MP: 6/6
  2958 | D:5      | Reached skill level 7 in Axes
  3506 | D:6      | Noticed a two-headed ogre
  3507 | D:6      | Noticed a wyvern
  3509 | D:6      | Noticed a wyvern
  3513 | D:6      | Reached skill level 8 in Axes
  3513 | D:6      | Reached ** piety under Okawaru
  3520 | D:6      | Reached skill level 9 in Axes
  3520 | D:6      | Reached XP level 8. HP: 37/68 MP: 4/7
  3717 | D:6      | Reached skill level 10 in Axes
  3806 | D:6      | Killed a two-headed ogre
  3806 | D:6      | Reached *** piety under Okawaru
  3807 | D:6      | Reached skill level 12 in Axes
  3807 | D:6      | Reached XP level 9. HP: 46/74 MP: 5/8
  3997 | D:6      | Reached skill level 13 in Axes
  4371 | D:6      | Reached skill level 14 in Axes
  4381 | D:6      | Found a staircase to the Ecumenical Temple.
  4467 | D:6      | Found Heup's Book Emporium.
  4581 | D:7      | Found a glowing golden altar of the Shining One.
  4589 | D:7      | Noticed Pikel
  4620 | D:7      | Killed Pikel
  4620 | D:7      | Reached **** piety under Okawaru
  4673 | D:7      | Reached skill level 15 in Axes
  4945 | D:7      | Noticed Dowan
  4947 | D:7      | Noticed Duvessa
  4950 | D:7      | Killed Dowan
  4967 | D:7      | Killed Duvessa
  5076 | D:7      | Noticed Jeremiah
  5200 | D:7      | Killed Jeremiah
  5201 | D:7      | Reached XP level 10. HP: 72/81 MP: 9/9
  5639 | D:8      | Reached skill level 16 in Axes
  5736 | D:8      | You fall into a shaft and drop 3 floors!
  5766 | D:11     | Found Qimmis's Book Boutique.
  5815 | D:11     | Noticed Psyche
  5830 | D:11     | Killed Psyche
  5830 | D:11     | Reached ***** piety under Okawaru
  5992 | D:10     | Entered Level 10 of the Dungeon
  6037 | D:10     | Found a staircase to the Lair.
  6057 | D:10     | Found a sparkling altar of Nemelex Xobeh.
  6061 | D:10     | Identified the +9 falchion "Gott" {freeze, rElec}
  6110 | D:10     | Found a flagged portal.
  6131 | Bailey   | Entered a bailey
  6177 | Bailey   | Reached skill level 10 in Fighting
  6217 | Bailey   | Noticed an orc high priest
  6223 | Bailey   | Noticed a sun demon
  6228 | Bailey   | Mangled by a sun demon

Illustrated notes

Levels and vault maps discovered:
D:1:      psy_arrival_spokes, layout_rooms, serial_shops, nicolae_shop_crystal
D:2:      layout_basic
D:3:      layout_rooms, mainiacjoe_overflow_big_doors, uniq_crazy_yiuf_cottage
D:4:      layout_basic, st_stairs_10, nicolae_wooded_promenade,
          minmay_box_of_dots
D:5:      layout_loops_ring, portal_sewer_entry_a
D:6:      hangedman_cross_stitches, layout_cave_pools, temple_statues,
          serial_shops, kennysheep_mini_moat
D:7:      layout_cave_pools, mainiacjoe_overflow_six_doors_small, uniq_pikel,
          uniq_duvessa, uniq_jeremiah
D:8:      layout_basic, serial_undead, serial_undead_a, serial_undead_c,
          serial_undead_f, serial_undead_b, serial_undead_b, serial_undead_c,
          serial_undead_a, serial_undead_a, serial_undead_b, serial_undead_a,
          corexii_leaking_fountain
D:10:     wander_kiku_kobolds, layout_small_grid,
          chequers_temple_overflow_statue_of_worship,
          mainiacjoe_overflow_boulevard, grunt_lair_entry_orc_guard_hut,
          enter_bailey_4
D:11:     layout_small_grid, serial_shops, nicolae_shop_advertising_works
          [nicolae_subvault_shop_adworks], shop, shop, uniq_psyche
Bailey:   bailey_axe_of_yendor_kennysheep, bailey

Skill      XL: |  1  2  3  4  5  6  7  8  9 10 |
---------------+-------------------------------+-----
Dodging        | 1 2 3 |  3.8
Shields        | 4 5 6 |  6.0
Fighting       | 4 5 10 | 10.0
Axes           | 3 4 6 9 12 15 16 | 16.0
Armour         | 4 |  4.4

Action                     |  1- 3 |  4- 6 |  7- 9 | 10-12 || total
---------------------------+-------+-------+-------+-------++-------
  Melee: War axe           |    79 |   192 |   194 |   103 ||   568
         Headbutt          |     9 |    21 |    31 |    26 ||    87
         Hand axe          |       |       |       |    39 ||    39
 Invoke: Heroism           |       |       |     3 |     1 ||     4
    Use: Scroll            |       |       |       |     9 ||     9
         Potion            |       |       |       |     1 ||     1
 Armour: Scale mail        |    52 |   104 |    88 |       ||   244
         Plate armour      |       |       |    76 |   106 ||   182
  Dodge: Dodged            |    42 |    83 |    78 |    43 ||   246
  Block: Buckler           |    23 |    56 |    38 |    34 ||   151

Table legend: (Time is in decaauts)
 A = Elapsed time spent in this place.
 B = Non-inter-level travel time spent in this place.
 C = Inter-level travel time spent in this place.
 D = Time resting spent in this place.
 E = Time spent auto-exploring this place.
 F = Levels seen in this place.
 G = Mean time per level.
                   A        B        C        D        E       F      G
               +--------+--------+--------+--------+--------+-----+--------+
         Total |   6315 |   6069 |    246 |    388 |   3927 |  12 |  526.2 |
       Dungeon |   5754 |   5508 |    246 |    388 |   3751 |  10 |  575.4 |
         Sewer |    480 |    480 |      0 |      0 |    145 |   1 |  480.0 |
        Bailey |     80 |     80 |      0 |      0 |     30 |   1 |   80.0 |
               +--------+--------+--------+--------+--------+-----+--------+

Top non-repeatable levels by time:
     D:7: 900 daAuts
     D:6: 831 daAuts
     D:5: 788 daAuts
     D:4: 731 daAuts
     D:2: 731 daAuts
     D:3: 551 daAuts
     D:1: 527 daAuts
   Sewer: 480 daAuts
     D:8: 314 daAuts
    D:11: 246 daAuts
    D:10: 131 daAuts
  Bailey: 80 daAuts
